[Event "ICC tourney 2029 (45 10)"]
[Site "Internet Chess Club"]
[Date "2020.10.03"]
[Round "3"]
[White "Lukastico"]
[Black "Luc2008"]
[Result "1/2-1/2"]
[ICCResult "Game drawn by mutual agreement"]
[WhiteElo "1927"]
[BlackElo "1697"]
[Opening "Queen's Indian: old main line, 7.Nc3"]
[ECO "E18"]
[NIC "QI.10"]
[Time "16:02:53"]
[TimeControl "2700+10"]

1. Nf3 Nf6 2. d4 e6 3. c4 b6 4. g3 Bb7 5. Bg2 Be7 6. O-O O-O 7. Nc3 Ne4 8.
Bd2 f5 9. Rc1 d6 10. b4 a5 11. b5 Nd7 12. Ne1 e5 13. Nxe4 fxe4 14. Bc3 Bf6
15. d5 Nc5 16. Qc2 e3 17. fxe3 Bg5 18. Bd2 Rxf1+ 19. Bxf1 Qf6 20. Nf3 Bh6
21. Bh3 Bc8 22. Bxc8 Rxc8 23. Rf1 Rf8 24. Qb1 Qg6 25. Qxg6 hxg6 26. Nh4
Rxf1+ 27. Kxf1 Kf7 28. Ke1 Na4 29. Bc1 Nc5 30. Kf2 Ne4+ 31. Kf3 Ng5+ 32. Kf2
Ne4+ 33. Ke1 Nc3 34. a3 Ne4 35. Nf3 Nc5 36. Ng1 Ne4 37. Nh3 Kf6 38. Nf2 Nxf2
39. Kxf2 Ke7 40. Kf3 Kf6 41. Kg4 Kf7 42. h3 Ke7 43. Kf3 Bg5 44. Bd2 Kf7 45.
Be1 Bf6 46. Ke4 Bg5 47. g4 Be7 48. h4 g5 49. h5 g6 50. hxg6+ Kxg6 51. Kd3
Kf7 52. Kc3 Ke8 53. Kb3 Kd7 54. Ka4 Kc8 55. Bc3 Bf6 56. Kb3 Kd7 57. Kc2 Ke7
58. Kd3 Kf7 59. Ke4 Kg6 60. Be1 Bg7 61. Bxa5 bxa5 62. c5 Bf6
{Game drawn by mutual agreement}
1/2-1/2

[Event "ICC tourney 2029 (45 10)"]
[Site "Internet Chess Club"]
[Date "2020.10.03"]
[Round "3"]
[White "hpu2005"]
[Black "Gfprasanna"]
[Result "0-1"]
[ICCResult "White resigns"]
[WhiteElo "1912"]
[BlackElo "2136"]
[Opening "QGD semi-Slav: 5.e3"]
[ECO "D45"]
[NIC "SL.08"]
[Time "16:02:15"]
[TimeControl "2700+10"]

1. d4 d5 2. c4 c6 3. Nf3 Nf6 4. e3 e6 5. Nc3 Bd6 6. b3 Nbd7 7. Bb2 b6 8. Be2
Bb7 9. Qc2 Qe7 10. O-O O-O 11. e4 dxe4 12. Nxe4 Nxe4 13. Qxe4 Nf6 14. Qh4
Rfe8 15. Ne5 c5 16. dxc5 Bxc5 17. Bd3 Ne4 18. Qxe7 Rxe7 19. Bxe4 Bxe4 20.
Rad1 Rc7 21. Nd7 Be7 22. f3 Bc6 23. Ne5 Be8 24. Ng4 f6 25. Rfe1 e5 26. Ne3
Bc5 27. Kf1 Bxe3 28. Rxe3 b5 29. cxb5 Rc2 30. Rb1 Bxb5+ 31. Kg1 Rd8 32. a4
Rdd2 33. Bxe5 fxe5 34. axb5 Rxg2+ 35. Kf1 Rxh2 36. Kg1 Rhg2+ 37. Kh1 Rh2+
38. Kg1 Rcg2+ 39. Kf1 Rg5 40. Rbe1 Rh1+ 41. Kf2 Rxe1 42. Kxe1 e4 43. b6 axb6
44. Rxe4 Rb5 45. b4 Kf7 46. Kd2 Rd5+ 47. Ke3 g5 48. Kf2 h5 49. Kg3 Kf6 50.
Rc4 b5 51. Rc6+ Kf5 52. Rb6 h4+ 53. Kf2 Kf4 54. Rf6+ Ke5 55. Rg6 Kd4 56. Rc6
Re5 57. Rc8 Rf5 58. Kg2 Ke3 59. Rc5 Kf4 60. Rc8 Rd5 61. Rc5 Rxc5 62. bxc5
Ke5 {White resigns} 0-1

[Event "ICC tourney 2029 (45 10)"]
[Site "Internet Chess Club"]
[Date "2020.10.03"]
[Round "3"]
[White "VincentT2008"]
[Black "mnm2"]
[Result "1-0"]
[ICCResult "Black checkmated"]
[WhiteElo "1805"]
[BlackElo "1293"]
[Opening "QGD: exchange, positional line"]
[ECO "D35"]
[NIC "QO.16"]
[Time "16:02:37"]
[TimeControl "2700+10"]

1. d4 Nf6 2. c4 e6 3. Nc3 d5 4. cxd5 exd5 5. Bg5 c5 6. dxc5 Bxc5 7. Bxf6
Qxf6 8. Nf3 d4 9. Ne4 Bb4+ 10. Nfd2 Qe7 11. a3 Bxd2+ 12. Nxd2 O-O 13. Nf3
Rd8 14. g3 d3 15. e3 Bf5 16. Bg2 Nc6 17. O-O Qf6 18. Qd2 Be4 19. Ne1 Bxg2
20. Kxg2 Qg6 21. Nf3 Qe4 22. Rac1 Ne5 23. Qd1 Nc4 24. Qa4 Nd6 25. Qxe4 Nxe4
26. Rfd1 g5 27. Rc4 f5 28. Nd4 d2 29. Nxf5 Nf6 30. Rc7 Rab8 31. Nh6+ Kf8 32.
Rf7+ Ke8 33. Rxf6 Rbc8 34. Re6+ Kf8 35. Kf1 Rc2 36. Nf5 Rxb2 37. Rd6 Rc8 38.
R1xd2 Rc1+ 39. Kg2 Rbb1 40. Rd8+ Kf7 41. R2d7+ Ke6 42. Nd4+ Kf6 43. Rf8+ Kg6
44. Re8 h6 45. g4 Rg1+ 46. Kf3 Rb6 47. Re6+ Rxe6 48. Nxe6 Ra1 49. Rd3 Kf6
50. Nd4 Rc1 51. Nf5 h5 52. h3 Rh1 53. Kg2 Ra1 54. Ng3 hxg4 55. hxg4 Ke5 56.
Kf3 b5 57. Ne4 a5 58. Nxg5 b4 59. axb4 axb4 60. Rb3 Ra4 61. Ne4 Kd5 62. g5
Kc4 63. Nd2+ Kc5 64. g6 Ra7 65. Kf4 Rg7 66. Kf5 Kb5 67. Kf6 Rg8 68. g7 Ka4
69. Kf7 Ra8 70. g8=Q Rxg8 71. Kxg8 Kb5 72. Rxb4+ Kxb4 73. f4 Kc5 74. e4 Kd4
75. f5 Ke5 76. Nf3+ Kf6 77. Kh7 Kf7 78. e5 Ke7 79. f6+ Kf7 80. Ng5+ Kf8 81.
e6 Ke8 82. Kg7 Kd8 83. f7 Kc7 84. f8=Q Kc6 85. Qd8 Kb5 86. e7 Ka6 87. Qb8
Ka5 88. e8=Q Ka6 89. Qa4# {Black checkmated} 1-0

[Event "ICC tourney 2029 (45 10)"]
[Site "Internet Chess Club"]
[Date "2020.10.03"]
[Round "3"]
[White "e4f5"]
[Black "sirking2800"]
[Result "1/2-1/2"]
[ICCResult "Game drawn by repetition"]
[WhiteElo "2193"]
[BlackElo "2009"]
[Opening "Ruy Lopez: Anderssen variation"]
[ECO "C77"]
[NIC "RL.12"]
[Time "16:02:01"]
[TimeControl "2700+10"]

1. e4 e5 2. Nf3 Nc6 3. Bb5 a6 4. Ba4 Nf6 5. d3 b5 6. Bb3 Be7 7. O-O O-O 8.
Bd5 Bd6 9. Bg5 h6 10. Bh4 Rb8 11. Bxc6 dxc6 12. Nbd2 Bg4 13. Re1 g5 14. Bg3
Nh5 15. h3 Bxf3 16. Qxf3 Nf4 17. Nf1 Bc5 18. Ne3 Bxe3 19. fxe3 Ng6 20. Rf1
c5 21. Qf6 Rb6 22. Qf5 Qe7 23. b3 Kg7 24. a4 b4 25. Qf3 a5 26. Qe2 Rd8 27.
Rf5 Rdd6 28. Raf1 Rf6 29. Qg4 Rxf5 30. exf5 Nf8 31. Qc4 f6 32. h4 Nd7 33.
hxg5 hxg5 34. Kf2 Qf7 35. Qg4 Rb8 36. Rh1 c6 37. Qh3 Kf8 38. Qh8+ Ke7 39.
Qh7 Rg8 40. Qh3 Rg7 41. Qg4 Kf8 42. Rd1 Qd5 43. Qh5 Qf7 44. Qxf7+ Rxf7 45.
d4 cxd4 46. exd4 Ke7 47. d5 Kd6 48. dxc6+ Kxc6 49. Ke3 Nb6 50. Ke4 Nc8 51.
Kf3 Rd7 52. Rxd7 Kxd7 53. Bf2 Kc6 54. g4 Kd5 55. Be3 e4+ 56. Ke2 Ne7 57. Bb6
Nc6 58. Kd2 Kd6 59. Ke3 Ke5 60. Bc7+ Kd5 61. Kd2 Kc5 62. Ke3 Kd5 63. Kd2 Kc5
64. Ke3 Kd5 {Game drawn by repetition} 1/2-1/2

[Event "ICC tourney 2029 (45 10)"]
[Site "Internet Chess Club"]
[Date "2020.10.03"]
[Round "3"]
[White "drberkley"]
[Black "tigertiger2019"]
[Result "1/2-1/2"]
[ICCResult "Black stalemated"]
[WhiteElo "1908"]
[BlackElo "1670"]
[Opening "Sicilian: closed"]
[ECO "B23"]
[NIC "SI.44"]
[Time "16:02:29"]
[TimeControl "2700+10"]

1. e4 c5 2. Nc3 d6 3. f4 Nc6 4. Nf3 g6 5. Bb5 Bg7 6. O-O Bd7 7. d3 e6 8.
Bxc6 Bxc6 9. f5 exf5 10. exf5 Nf6 11. Re1+ Kf8 12. Bf4 Qd7 13. Ne4 Bxe4 14.
dxe4 Rd8 15. Qd3 Nh5 16. Bc1 d5 17. Qxd5 Qxd5 18. exd5 Rxd5 19. g4 Nf6 20.
g5 Rxf5 21. gxf6 Rxf3 22. fxg7+ Kxg7 23. Bd2 Rd8 24. Bc3+ Kf8 25. Rad1 Rxd1
26. Rxd1 Ke7 27. Rf1 Rxf1+ 28. Kxf1 g5 29. Kg2 h5 30. Bd2 Kf6 31. Be3 b6 32.
Kf3 Kf5 33. Bd2 f6 34. h3 a6 35. c4 Ke5 36. Bc3+ Kf5 37. b3 Ke6 38. Ke4 f5+
39. Kf3 h4 40. Bg7 Kf7 41. Be5 Ke6 42. Bc7 b5 43. Bb6 bxc4 44. bxc4 Kd6 45.
a4 Kc6 46. Bd8 g4+ 47. hxg4 fxg4+ 48. Kxg4 Kd6 49. Bxh4 Ke5 50. Bf2 Ke4 51.
Bxc5 Kd3 52. Ba7 Kxc4 53. a5 Kb5 54. Bb6 Kc6 55. Kf5 Kb7 56. Ke6 Kc6 57. Ke7
Kb7 58. Kd7 Ka8 59. Bc7 Kb7 60. Bb6 Ka8 61. Kc6 Kb8 62. Bc5 Ka8 63. Kb6 Kb8
64. Kxa6 Ka8 65. Kb6 Kb8 66. a6 Ka8 67. Ka5 Kb8 68. a7+ Ka8 69. Bd4 Kb7 70.
Kb5 Ka8 71. Kb6 {Black stalemated} 1/2-1/2

[Event "ICC tourney 2029 (45 10)"]
[Site "Internet Chess Club"]
[Date "2020.10.03"]
[Round "3"]
[White "helavir"]
[Black "Sricharan07"]
[Result "1-0"]
[ICCResult "Black resigns"]
[WhiteElo "2624"]
[BlackElo "1898"]
[Opening "French: Tarrasch, closed variation, main line"]
[ECO "C06"]
[NIC "FR.17"]
[Time "16:02:53"]
[TimeControl "2700+10"]

1. e4 e6 2. d4 d5 3. Nd2 Nf6 4. e5 Nfd7 5. c3 c5 6. Bd3 Nc6 7. Ne2 cxd4 8.
cxd4 f6 9. exf6 Nxf6 10. Nf3 Bd6 11. O-O O-O 12. Bf4 Bxf4 13. Nxf4 Ne4 14.
Qc1 Qf6 15. Ne2 e5 16. dxe5 Nxe5 17. Bxe4 dxe4 18. Nxe5 Qxe5 19. Qc3 Qe7 20.
Ng3 Bf5 21. Rae1 Rae8 22. Qa5 Bg6 23. Qxa7 Qb4 24. Re2 Ra8 25. a3 Rxa7 26.
axb4 Ra4 27. Nxe4 Rxb4 28. f3 Ra8 29. Rc1 h6 30. Kf2 Ra2 31. Rcc2 Ra8 32.
Rcd2 Bf7 33. Nc3 Re8 34. Rxe8+ Bxe8 35. Ke3 Bf7 36. Ne2 Kf8 37. Nd4 Ke7 38.
Kd3 Kf6 39. b3 Rb6 40. Kc3 Rd6 41. b4 Rd8 42. b5 Re8 43. Kb4 b6 44. Nc6 Re1
45. Rd6+ Kg5 46. Nd4 Rb1+ 47. Kc3 Rc1+ 48. Kd3 Bc4+ 49. Ke3 Rb1 50. Rxb6 Rb2
51. Rc6 Bf1 52. g3 Rxh2 53. Rc1 Bh3 54. b6 Rb2 55. Rc5+ Kg6 56. Rb5
{Black resigns}
1-0

[Event "ICC tourney 2029 (45 10)"]
[Site "Internet Chess Club"]
[Date "2020.10.03"]
[Round "3"]
[White "chessmilano"]
[Black "arsenicblast"]
[Result "1/2-1/2"]
[ICCResult "Game drawn by mutual agreement"]
[WhiteElo "1696"]
[BlackElo "1987"]
[Opening "Queen's pawn, Mason variation"]
[ECO "D00"]
[NIC "QP.08"]
[Time "16:02:03"]
[TimeControl "2700+10"]

1. d4 d5 2. Bf4 Nf6 3. e3 e6 4. Nf3 Bd6 5. Bg3 O-O 6. Bd3 c5 7. c3 Qc7 8.
Nbd2 Nbd7 9. Bxd6 Qxd6 10. O-O e5 11. dxe5 Nxe5 12. Nxe5 Qxe5 13. Nf3 Qc7
14. h3 b6 15. Qc2 Bb7 16. Be2 Rad8 17. Rfd1 Kh8 18. Rac1 Rd6 19. b4 Rc8 20.
b5 Rcd8 21. a4 Bc8 22. Bd3 h6 23. Ne5 c4 24. Bf1 Bb7 25. Nf3 Ne4 26. Nd4 Rf6
27. f3 Nc5 28. Ra1 Ne6 29. Nxe6 Rxe6 30. Kf2 Rde8 31. Re1 Qe7 32. Qd2 Qh4+
33. g3 Qd8 34. Qd4 Qc7 35. Bg2 f6 36. h4 Rd8 37. Bh3 Red6 38. Rad1 Bc8 39.
Bxc8 Qxc8 40. Kg2 Qf5 41. Rd2 Qe5 42. Qxe5 fxe5 43. f4 exf4 44. exf4 d4 45.
cxd4 Rxd4 46. Re8+ Rxe8 47. Rxd4 Rc8 48. Rd2 c3 49. Rc2 Rc4 50. Kf3 Rxa4 51.
Rxc3 Rb4 52. Ra3 Rxb5 53. Rxa7 Kg8 54. Ke4 Kf8 55. g4 Kg8 56. Rb7 Kf8 57. h5
Kg8 58. Kd4 Rb4+ 59. Ke5 Rb5+ 60. Ke6 Rb4 61. Kf5 b5
{Game drawn by mutual agreement}
1/2-1/2

[Event "ICC tourney 2029 (45 10)"]
[Site "Internet Chess Club"]
[Date "2020.10.03"]
[Round "4"]
[White "avats"]
[Black "michaelxiao"]
[Result "0-1"]
[ICCResult "White checkmated"]
[WhiteElo "1566"]
[BlackElo "1354"]
[Opening "French: exchange variation"]
[ECO "C01"]
[NIC "FR.01"]
[Time "18:32:36"]
[TimeControl "2700+10"]

1. e4 e6 2. d4 d5 3. exd5 exd5 4. Nf3 Nf6 5. Bd3 Bd6 6. O-O O-O 7. Bg5 Bg4
8. c3 Nbd7 9. Nbd2 Re8 10. Qc2 h6 11. Bh4 c6 12. Rfe1 Qc7 13. Bf5 Bxf5 14.
Qxf5 Qb6 15. Qc2 c5 16. Nb3 c4 17. Nbd2 Bf4 18. Nf1 Ne4 19. Bg3 Bxg3 20.
Nxg3 Ndf6 21. Ne5 Qd6 22. Nxc4 dxc4 23. Nxe4 Nxe4 24. Rxe4 Qg6 25. Rxe8+
Rxe8 26. Qxg6 fxg6 27. Rd1 Re2 28. d5 Kf8 29. b3 Rxa2 30. bxc4 Rc2 31. h3
Rxc3 32. Ra1 Rxc4 33. Rxa7 Rd4 34. Rxb7 Rxd5 35. Rb6 Kf7 36. Rb7+ Kf6 37.
Kh2 g5 38. Kg3 Rd3+ 39. Kg4 Rd4+ 40. Kh5 Rh4# {White checkmated} 0-1

[Event "ICC tourney 2029 (45 10)"]
[Site "Internet Chess Club"]
[Date "2020.10.03"]
[Round "4"]
[White "ivo20"]
[Black "Niteshc"]
[Result "0-1"]
[ICCResult "White resigns"]
[WhiteElo "1336"]
[BlackElo "1645"]
[Opening "Clemenz (Mead's, Basman's or de Klerk's) opening"]
[ECO "A00"]
[Time "18:32:20"]
[TimeControl "2700+10"]

1. h3 c6 2. d4 d5 3. Nf3 Nf6 4. e3 Bf5 5. Bd3 Bg6 6. Bxg6 hxg6 7. Bd2 e6 8.
Nc3 Bd6 9. Qe2 Nbd7 10. O-O-O b5 11. Nb1 a5 12. Qe1 Nb6 13. Bc3 b4 14. Bd2
Nc4 15. b3 Nxd2 16. Rxd2 a4 17. Rd3 axb3 18. cxb3 Rxa2 19. Rd2 Qa8 20. Qe2
Ra1 21. Rb2 Ne4 22. Kc2 Nc3 23. Qd3 O-O 24. Re1 Rc8 25. Nxc3 Rxe1 26. Nxe1
bxc3 27. Kxc3 c5 28. dxc5 Bxc5 29. Kd2 Bb4+ 30. Ke2 Qa1 31. Rb1 Qa2+ 32. Kf1
Bxe1 33. Rxe1 Rc2 34. Re2 Qb1+ 35. Re1 Rxf2+ 36. Kxf2 Qxd3 {White resigns}
0-1

[Event "ICC tourney 2029 (45 10)"]
[Site "Internet Chess Club"]
[Date "2020.10.03"]
[Round "4"]
[White "Luc2008"]
[Black "drberkley"]
[Result "1/2-1/2"]
[ICCResult "Game drawn by mutual agreement"]
[WhiteElo "1706"]
[BlackElo "1899"]
[Opening "Pirc: Sveshnikov system"]
[ECO "B07"]
[NIC "PU.07"]
[Time "18:32:20"]
[TimeControl "2700+10"]

1. e4 d6 2. d4 Nf6 3. Nc3 g6 4. g3 Bg7 5. Bg2 O-O 6. Nge2 e5 7. dxe5 dxe5 8.
Qxd8 Rxd8 9. Bg5 Re8 10. O-O-O Ng4 11. Nd5 Na6 12. Rdf1 c6 13. Ne7+ Kf8 14.
Nxc8 Raxc8 15. Bh3 f5 16. f4 exf4 17. Bxg4 fxg4 18. Rxf4+
{Game drawn by mutual agreement}
1/2-1/2

[Event "ICC tourney 2029 (45 10)"]
[Site "Internet Chess Club"]
[Date "2020.10.03"]
[Round "4"]
[White "Openyagami"]
[Black "TheDude865"]
[Result "1-0"]
[ICCResult "Black resigns"]
[WhiteElo "2575"]
[BlackElo "1350"]
[Opening "King's Indian: Makagonov system (5.h3)"]
[ECO "E71"]
[NIC "KI.30"]
[Time "18:32:11"]
[TimeControl "2700+10"]

1. c4 Nf6 2. Nc3 g6 3. e4 d6 4. d4 Bg7 5. h3 O-O 6. Be3 e5 7. d5 c6 8. Nf3
Nbd7 9. dxc6 bxc6 10. Qxd6 Bb7 11. Rd1 Qb8 12. Qxb8 Raxb8 13. Bxa7 Ra8 14.
Be3 c5 15. Bd3 Rfd8 16. b3 Bf8 17. O-O Kh8 18. Rd2 Bd6 19. Rfd1 Bc7 20. Bb1
Ba5 21. Bg5 Kg7 22. Bxf6+ Nxf6 23. Rxd8 Rxd8 24. Rxd8 Bxd8 25. Nxe5 Ba5 26.
Nd5 Nxd5 27. exd5 Kf6 28. Nd7+ Ke7 29. Nxc5 Bc8 30. Kf1 Bb4 31. Nd3 Bd6 32.
c5 Bb8 33. d6+ Kd7 34. b4 Kc6 35. a4 Bxd6 36. b5+ Kb7 37. cxd6 Bd7 38. Nc5+
Kc8 39. Bd3 f5 40. a5 f4 41. b6 Kd8 42. b7 Ke8 43. Bc4 {Black resigns} 1-0

[Event "ICC tourney 2029 (45 10)"]
[Site "Internet Chess Club"]
[Date "2020.10.03"]
[Round "4"]
[White "chessmaster0981"]
[Black "Theutltl"]
[Result "0-1"]
[ICCResult "White checkmated"]
[WhiteElo "1612"]
[BlackElo "1306"]
[Opening "Grünfeld: modern exchange variation"]
[ECO "D90"]
[NIC "GI.07"]
[Time "18:32:48"]
[TimeControl "2700+10"]

1. d4 Nf6 2. Nf3 g6 3. c4 Bg7 4. Nc3 d5 5. cxd5 Nxd5 6. e4 Nxc3 7. bxc3 c5
8. Be3 Qa5 9. Qd2 O-O 10. Bc4 Nc6 11. Rc1 Rd8 12. e5 cxd4 13. cxd4 Qxd2+ 14.
Kxd2 Nxe5 15. Nxe5 Bxe5 16. Kc3 Bg7 17. Rhe1 Bf5 18. Rcd1 Rac8 19. Kb3 b5
20. Bxb5 Bc2+ 21. Ka3 Bxd1 22. Rxd1 Bf8 23. Be2 e5+ 24. Kb2 exd4 25. Bxd4
Bg7 26. Bxg7 Rxd1 27. Bxd1 Kxg7 28. Bf3 h6 29. a4 g5 30. g4 f6 31. h3 Kf8
32. Kb3 a5 33. Kb2 Rc7 34. Kb3 Ke7 35. Kb2 Kd6 36. Kb3 Ke5 37. Kb2 Kf4 38.
Bg2 f5 39. gxf5 Kxf5 40. Kb3 g4 41. hxg4+ Kxg4 42. Kb2 Kf4 43. Kb3 h5 44.
Kb2 h4 45. Kb3 Rg7 46. Bh1 Rg1 47. Bb7 h3 48. Bd5 h2 49. Bc6 h1=Q 50. Bxh1
Rxh1 51. Kc4 Rh5 52. Kb3 Kf3 53. Kc4 Kxf2 54. Kb3 Rh4 55. Ka3 Rb4 56. Ka2
Ke2 57. Ka3 Kd2 58. Ka2 Kc3 59. Ka3 Kc2 60. Ka2 Rxa4# {White checkmated} 0-1

[Event "ICC tourney 2029 (45 10)"]
[Site "Internet Chess Club"]
[Date "2020.10.03"]
[Round "4"]
[White "CoastalJourney"]
[Black "salamenceg"]
[Result "1-0"]
[ICCResult "Black checkmated"]
[WhiteElo "1655"]
[BlackElo "1086"]
[Opening "Grünfeld: modern exchange variation"]
[ECO "D90"]
[NIC "GI.07"]
[Time "18:32:23"]
[TimeControl "2700+10"]

1. d4 Nf6 2. c4 g6 3. Nf3 Bg7 4. Nc3 d5 5. cxd5 Nxd5 6. e4 Nxc3 7. bxc3 c5
8. Be3 Nc6 9. Be2 O-O 10. O-O cxd4 11. cxd4 Bg4 12. e5 e6 13. h3 Bxf3 14.
Bxf3 Qd7 15. Rb1 Rac8 16. Qd2 Rfd8 17. Rfd1 f5 18. exf6 Bxf6 19. d5 exd5 20.
Bxd5+ Kh8 21. Qe2 Ne7 22. Bxb7 Qc7 23. Bxc8 Rxd1+ 24. Rxd1 Qxc8 25. Bxa7 Qa8
26. Bc5 Nf5 27. Qe6 Bg7 28. Be7 Bf8 29. Rd8 Qa4 30. Qf6+ Ng7 31. Rxf8#
{Black checkmated}
1-0

[Event "ICC tourney 2029 (45 10)"]
[Site "Internet Chess Club"]
[Date "2020.10.03"]
[Round "4"]
[White "tcrgm"]
[Black "landonp"]
[Result "1-0"]
[ICCResult "Black resigns"]
[WhiteElo "1611"]
[BlackElo "1350"]
[Opening "Giuoco Piano"]
[ECO "C54"]
[NIC "IG.02"]
[Time "18:32:13"]
[TimeControl "2700+10"]

1. e4 e5 2. Nf3 Nc6 3. Bc4 Bc5 4. c3 Nf6 5. d4 exd4 6. cxd4 Bb4+ 7. Bd2 Nxe4
8. Bxb4 Nxb4 9. Bxf7+ Kxf7 10. Qb3+ d5 11. Qxb4 Rf8 12. Nc3 Kg8 13. O-O c5
14. dxc5 Rxf3 15. Nxe4 Rf4 16. Rad1 Rxe4 17. Qxe4 Qf6 18. Qxd5+ Be6 19. Qxb7
Re8 20. Qxa7 Qxb2 21. a4 Rf8 22. c6 Qc2 23. Rc1 Qd2 24. Qe7 Bf5 25. Qc5 Qa2
26. a5 Qe2 27. Rce1 Qa6 28. Qd5+ Kh8 29. Qxf5 {Black resigns} 1-0

[Event "ICC tourney 2029 (45 10)"]
[Site "Internet Chess Club"]
[Date "2020.10.03"]
[Round "4"]
[White "sirking2800"]
[Black "ASharikov"]
[Result "0-1"]
[ICCResult "White resigns"]
[WhiteElo "2006"]
[BlackElo "2312"]
[Opening "Caro-Kann: exchange variation"]
[ECO "B13"]
[NIC "CK.02"]
[Time "18:32:43"]
[TimeControl "2700+10"]

1. e4 c6 2. d4 d5 3. exd5 cxd5 4. Bd3 Nc6 5. c3 Qc7 6. Bg5 Nf6 7. Nd2 Bg4 8.
Ngf3 e6 9. O-O Bd6 10. h3 Bh5 11. Qc2 Bg6 12. Rae1 Rc8 13. Qb1 b5 14. Nh4
Bxd3 15. Qxd3 O-O 16. Bxf6 gxf6 17. Qf3 f5 18. Qh5 Kh8 19. Ndf3 Rg8 20. Ng5
Rg7 21. Nxe6 fxe6 22. Rxe6 Rcg8 23. Rfe1 Be7 24. R1e3 Bxh4 25. Qxh4 f4 26.
Re1 Rxg2+ 27. Kh1 Qg7 28. Qf6 Rg6 29. Qxg7+ Kxg7 30. Rxg6+ hxg6 31. Re6 Rc8
32. Rd6 b4 33. Rxd5 bxc3 34. bxc3 Ne7 35. Rd7 Kf6 36. Rxa7 Rxc3 37. Kg2 Nf5
38. d5 Rd3 39. Ra6+ Kg5 40. Ra5 f3+ 41. Kh2 Rd2 42. Kg1 Kh4 43. Ra3 Nd4 44.
Re3 Kxh3 45. Re1 Ne2+ 46. Kf1 Rxd5 47. Rxe2 fxe2+ {White resigns} 0-1

[Event "ICC tourney 2029 (45 10)"]
[Site "Internet Chess Club"]
[Date "2020.10.03"]
[Round "4"]
[White "happyscientist"]
[Black "keb2020"]
[Result "1/2-1/2"]
[ICCResult "Game drawn by mutual agreement"]
[WhiteElo "1702"]
[BlackElo "1814"]
[Opening "Pirc: classical (two knights) system"]
[ECO "B08"]
[NIC "PU.10"]
[Time "18:32:21"]
[TimeControl "2700+10"]

1. e4 d6 2. d4 Nf6 3. Nc3 g6 4. Nf3 Bg7 5. Bc4 O-O 6. O-O Nxe4 7. Bxf7+ Rxf7
8. Nxe4 Bf5 9. Re1 Nc6 10. c3 h6 11. Nh4 Bxe4 12. Rxe4 g5 13. Nf3 e5 14. d5
Ne7 15. c4 Qd7 16. b4 Raf8 17. h3 Qf5 18. Qe2 Ng6 19. Bd2 Nf4 20. Bxf4 exf4
21. Re1 Bc3 22. Nd4 Bxd4 23. Rxd4 f3 24. Qxf3 Qxf3 25. gxf3 Rxf3 26. Re6
Rxh3 27. c5 dxc5 28. bxc5 b6 29. Rg6+ Kh8 30. Ra4 bxc5 31. Rxa7 Rd3 32. Rxc7
Rxd5 33. Rxh6+ Kg8 34. Rg6+ Kh8 35. a4 Ra8 36. Rb6 Kg8 37. a5 c4
{Game drawn by mutual agreement}
1/2-1/2

[Event "ICC tourney 2029 (45 10)"]
[Site "Internet Chess Club"]
[Date "2020.10.03"]
[Round "4"]
[White "DanielA1926"]
[Black "hankmd"]
[Result "1/2-1/2"]
[ICCResult "Game drawn by mutual agreement"]
[WhiteElo "1521"]
[BlackElo "1558"]
[Opening "QGD Slav: 4.e3"]
[ECO "D11"]
[NIC "QP.08"]
[Time "18:32:15"]
[TimeControl "2700+10"]

1. d4 d5 2. Nf3 Nf6 3. c4 c6 4. e3 dxc4 5. Bxc4 b5 6. Bb3 Bb7 7. O-O e6 8.
Ne5 Nbd7 9. Qc2 Rc8 10. Rd1 Qc7 11. Nxd7 Nxd7 12. a4 b4 13. Nd2 Bd6 14. f4
c5 15. Nc4 Be7 16. Bd2 O-O 17. Rac1 Qc6 18. Be1 Qc7 19. Qd3 Rfd8 20. Ne5
Nxe5 21. fxe5 Qc6 22. Rc2 Ba6 23. Bc4 Bxc4 24. Rxc4 Qxa4 25. Rdc1 Qb5 26.
Qb3 a5 27. Qc2 Rd5 28. e4 Rd7 29. dxc5 Rdc7 30. Bf2 Bg5 31. Rd1 Bf4 32. Bd4
Kf8 33. g3 Bg5 34. b3 Be7 35. Rc1 Ke8 36. Kg2 Kd7 37. Rd1 Kc6 38. Rf1 Bf8
39. h3 Kb7 40. Rc1 g6 41. Qf2 Qc6 42. Qe3 Ka6 43. Kh2 Qd7 44. Qd3 Kb7 45.
c6+ Rxc6 46. Rxc6 Rxc6 47. Qb5+ Kc7 48. Bb6+ Kb7 49. Bxa5+ Ka7 50. Rxc6 Qd2+
51. Kg1 Qe1+ 52. Qf1 Qxg3+ 53. Qg2 {Game drawn by mutual agreement} 1/2-1/2

[Event "ICC tourney 2029 (45 10)"]
[Site "Internet Chess Club"]
[Date "2020.10.03"]
[Round "4"]
[White "peekaboopenguin"]
[Black "ethanpu"]
[Result "0-1"]
[ICCResult "White checkmated"]
[WhiteElo "1686"]
[BlackElo "1592"]
[Opening "Ruy Lopez: Archangelsk (counterthrust) variation"]
[ECO "C70"]
[NIC "RL.09"]
[Time "18:32:24"]
[TimeControl "2700+10"]

1. e4 e5 2. Nf3 Nc6 3. Bb5 a6 4. Ba4 b5 5. Bb3 Nf6 6. O-O Bb7 7. Re1 Bc5 8.
c3 O-O 9. d4 Bb6 10. Bg5 h6 11. Bh4 d6 12. d5 Na5 13. Bc2 c6 14. b4 Nc4 15.
Bb3 g5 16. dxc6 Bxc6 17. Bg3 Nxe4 18. Qd3 Nxg3 19. hxg3 e4 20. Rxe4 Bxe4 21.
Qxe4 Re8 22. Qf5 Qc8 23. Qd3 g4 24. Bc2 gxf3 25. Qh7+ Kf8 26. Qxh6+ Ke7 27.
Qg5+ f6 28. Qg7+ Kd8 29. Bg6 Bxf2+ 30. Kh2 Qg4 31. Qxf6+ Kd7 32. Bf5+ Qxf5
33. Qxf5+ Kc7 34. gxf3 Rh8+ 35. Qh3 Rxh3+ 36. Kxh3 Rh8+ 37. Kg2 Be1 38. Na3
Ne3+ 39. Kg1 Bxg3 40. Rc1 Bh2+ 41. Kf2 Bf4 42. Re1 Rh2+ 43. Kg1 Rxa2 44. Nb1
Bh2+ 45. Kh1 Nf5 46. Rd1 Ng3# {White checkmated} 0-1

[Event "ICC tourney 2029 (45 10)"]
[Site "Internet Chess Club"]
[Date "2020.10.03"]
[Round "4"]
[White "Deveshc"]
[Black "Wushukyle"]
[Result "0-1"]
[ICCResult "White checkmated"]
[WhiteElo "1500"]
[BlackElo "1675"]
[Opening "Scandinavian defense"]
[ECO "B01"]
[NIC "SD.03"]
[Time "18:32:12"]
[TimeControl "2700+10"]

1. e4 d5 2. exd5 Nf6 3. Nc3 Nxd5 4. Be2 e5 5. Nf3 Nc6 6. Bb5 Nxc3 7. bxc3
Bg4 8. h3 Bd7 9. O-O Bd6 10. Re1 O-O 11. Bxc6 Bxc6 12. Nxe5 Bd5 13. d4 Re8
14. Bd2 Qf6 15. c4 Be6 16. c5 Bxe5 17. Rxe5 Qg6 18. Re3 Bf5 19. Rg3 Qf6 20.
Bc3 Bg6 21. d5 Qf5 22. h4 f6 23. Qd4 Re4 24. Qd3 Qh5 25. Qf3 Rxh4 26. Qxh5
Rxh5 27. Rd1 Rd8 28. d6 Rxc5 29. d7 Rg5 30. Rxg5 fxg5 31. Be5 Bxc2 32. Bxc7
Bxd1 33. Bxd8 Bg4 34. Bxg5 Bxd7 35. Be3 a5 36. Bb6 a4 37. Kf1 Kf7 38. Ke2
Ke6 39. Kd3 Kd6 40. Bd4 g5 41. Ke4 h5 42. Bf6 g4 43. f3 b5 44. Be5+ Kc5 45.
a3 Bc6+ 46. Ke3 gxf3 47. gxf3 b4 48. axb4+ Kxb4 49. Bd6+ Kb3 50. Kf4 a3 51.
Be5 Ka2 52. Kg3 Kb1 53. f4 a2 54. f5 a1=Q 55. Bxa1 Kxa1 56. f6 Be8 57. Kh4
Kb2 58. Kg5 Kc3 59. Kh4 Kd4 60. Kg5 Ke5 61. f7 Bxf7 62. Kh4 Kf4 63. Kh3 Bg6
64. Kh4 Ke5 65. Kg5 Ke4 66. Kh4 Kf4 67. Kh3 Kg5 68. Kg3 Be4 69. Kh3 h4 70.
Kh2 Kg4 71. Kg1 h3 72. Kh2 Kh4 73. Kg1 Kg3 74. Kf1 h2 75. Ke1 h1=Q+ 76. Kd2
Qf3 77. Kc1 Qc3+ 78. Kd1 Bf3# {White checkmated} 0-1

[Event "ICC tourney 2029 (45 10)"]
[Site "Internet Chess Club"]
[Date "2020.10.03"]
[Round "4"]
[White "danaglin"]
[Black "marinaxiao"]
[Result "0-1"]
[ICCResult "White resigns"]
[WhiteElo "1610"]
[BlackElo "1450"]
[Opening "Sicilian: Pelikan, Chelyabinsk variation"]
[ECO "B33"]
[NIC "SI.37"]
[Time "18:32:20"]
[TimeControl "2700+10"]

1. e4 c5 2. Nf3 Nc6 3. d4 cxd4 4. Nxd4 Nf6 5. Nc3 e5 6. Ndb5 d6 7. Bg5 a6 8.
Na3 b5 9. Nd5 Be7 10. Nxe7 Qxe7 11. Bd3 O-O 12. O-O Bb7 13. Re1 h6 14. Bh4
Nd8 15. Nb1 Ne6 16. Nd2 Nf4 17. Nf3 Ng6 18. Bg3 Rad8 19. a4 Rb8 20. axb5
axb5 21. Ra5 Bc6 22. b4 Rfd8 23. Qa1 Rd7 24. Ra6 Rc7 25. Qa5 Nh5 26. Ra1 Nf6
27. Ra7 Rxa7 28. Qxa7 Qxa7 29. Rxa7 Bxe4 30. Ra6 Bxd3 31. cxd3 Ne8 32. h3
Ne7 33. Nd2 Nd5 34. Ra3 Nxb4 35. Ne4 f5 36. Nd2 Nc2 37. Rc3 Nd4 38. Kh2 f4
{White resigns}
0-1